 Dungeon Crawl Stone Soup version 0.30-a0-879-ga8ba668304 (webtiles) character file.

Game seed: 6675334931389406523

79722 Morbidden the Thaumaturge (level 15, -2/113 HPs)
             Began as a Barachi Conjurer on Mar 13, 2023.
             Was the Champion of Cheibriados.
             Slain by a rakshasa
             ... wielding a +2 trident of protection
              (13 damage)
             ... on level 15 of the Dungeon.
             The game lasted 00:38:30 (26829 turns).

Morbidden the Thaumaturge (Barachi Conjurer)       Turns: 26829, Time: 00:38:30

Health: -2/113     AC: 15    Str: 24    XL:     15   Next: 64%
Magic:  27/49      EV: 22    Int: 39    God:    Cheibriados [******]
Gold:   2538       SH: 16    Dex: 31    Spells: 18/38 levels left

rFire   + . .      SeeInvis .    b - +8 rapier "Plog" {freeze, rElec Dex+4}
rCold   + . .      Faith    .    q - +3 warlock's mirror {omnireflect}
rNeg    . . .      Spirit   .    c - +0 acid dragon scales
rPois   +          Reflect  +    u - +2 hat
rElec   +          Rampage  .    I - scarf {rC+ rF+}
rCorr   +                        L - +2 pair of gloves "Rysaam" {rPois Slay+3}
Will    +....                    o - +0 pair of boots
Stlth   +++                      R - amulet of reflection
HPRegen 0.38/turn                v - ring of magical power
MPRegen 0.31/turn                X - ring of Qikhigut {rPois MP+9}

@: very slightly contaminated, studying Staves, very slow
A: amphibious, slowness 1, strong legs 2, +LOS
a: Hop, Renounce Religion, Bend Time, Temporal Distortion, Slouch, Step From
Time


You were on level 15 of the Dungeon.
You worshipped Cheibriados.
Cheibriados was exalted by your worship.
You visited 4 branches of the dungeon, and saw 22 of its levels.
You also visited: Bailey.

You collected 2646 gold pieces.
You spent 108 gold pieces at shops.

Inventory:

Hand Weapons
 a - a +2 dagger of venom
 b - the +8 rapier "Plog" (weapon) {freeze, rElec Dex+4}
   (You acquired it in a bailey)

   Dex:       It affects your dexterity (+4).
   rElec:     It insulates you from electricity.
 p - a +3 scimitar of flaming
 K - a +1 short sword of venom
Missiles
 i - 11 javelins
 C - 7 throwing nets
 O - 16 poisoned darts (quivered)
Armour
 c - +0 acid dragon scales (worn)
 o - a +0 pair of boots (worn)
 q - the +3 warlock's mirror (worn) {omnireflect}
   (You acquired it on level 13 of the Dungeon)

   Omnireflect: It can block and reflect piercing ranged attacks and magical
   attacks against the wielder's willpower.
 u - a +2 hat (worn)
 I - a scarf of resistance (worn)
 L - the +2 pair of gloves "Rysaam" (worn) {rPois Slay+3}
   (You found it in a bailey)

   Slay:      It affects your accuracy & damage with ranged weapons and melee
   (+3).
   rPois:     It protects you from poison.
Magical Staves
 G - a staff of air
Jewellery
 v - a ring of magical power (left hand)
 R - an amulet of reflection (around neck)
 X - the ring of Qikhigut (right hand) {rPois MP+9}
   (You found it on level 15 of the Dungeon)

   [ring of poison resistance]

   rPois:     It protects you from poison.
   MP:        It affects your magic capacity (+9).
Wands
 m - a wand of acid (11)
 J - a wand of mindburst (23)
 W - a wand of paralysis (9)
 Z - a wand of roots (1)
Scrolls
 d - 31 scrolls of identify {unknown}
 j - 4 scrolls of vulnerability {unknown}
 k - 3 scrolls of enchant armour {unknown}
 l - 6 scrolls of teleportation
 t - 3 scrolls of fear {unknown}
 w - 4 scrolls of amnesia {unknown}
 x - 5 scrolls of poison {unknown}
 y - a scroll of noise {unknown}
 M - 3 scrolls of fog {unknown}
 N - a scroll of summoning {unknown}
 Q - 2 scrolls of blinking {unknown}
 S - 4 scrolls of immolation {unknown}
 U - 3 scrolls of magic mapping {unknown}
 Y - a scroll of enchant weapon {unknown}
Potions
 e - 5 potions of attraction {unknown}
 f - 8 potions of might
 g - 4 potions of mutation {unknown}
 n - 2 potions of ambrosia {unknown}
 r - 2 potions of brilliance {unknown}
 s - 8 potions of heal wounds
 z - 2 potions of haste {unknown}
 A - 3 potions of cancellation {unknown}
 B - 9 potions of flight {unknown}
 D - 3 potions of resistance {unknown}
 E - 2 potions of invisibility {unknown}
 F - 3 potions of degeneration {unknown}
 H - 6 potions of curing
 V - a potion of lignification {unknown}
Miscellaneous
 P - a tin of tremorstones (inert)
 T - a box of beasts


   Skills:
 * Level 9.1 Fighting
 + Level 4.6(6.1) Short Blades
 * Level 6.7(7.5) Long Blades
 + Level 1.6 Throwing
 * Level 9.0 Armour
 * Level 9.7 Dodging
 + Level 3.7 Stealth
 * Level 5.4 Shields
 * Level 12.3 Spellcasting
 * Level 11.6 Conjurations
 * Level 8.4 Translocations
 * Level 8.3 Air Magic
 * Level 5.9 Earth Magic
 * Level 6.3 Invocations
 * Level 8.1 Evocations


You had 18 spell levels left.
You knew the following spells:

 Your Spells              Type           Power      Damage    Failure   Level
a - Airstrike             Air            36%        2d(6-22)  1%          4
b - Iron Shot             Conj/Erth      37%        9d7       10%         6
c - Stone Arrow           Conj/Erth      100%       3d13      1%          3
d - Magic Dart            Conj           100%       1d8       1%          1
e - Searing Ray           Conj           100%       2d8       1%          2
z - Iskenderun's Mystic   Conj/Tloc      80%        2d16      1%          4

Your spell library contained the following spells:

 Spells                   Type           Power      Damage    Failure   Level
 Shock                    Conj/Air       100%       1d9       1%          1
 Cigotuvi's Dreadful Rot  Necr/Pois/Air  90%        N/A       1%          2
 Passwall                 Tmut/Erth      39%        N/A       1%          2
 Poisonous Vapours        Pois/Air       100%       N/A       1%          2
 Dazzling Flash           Conj/Hex       100%       N/A       1%          3
 Mephitic Cloud           Conj/Pois/Air  66%        N/A       1%          3
 Portal Projectile        Hex/Tloc       100%       N/A       1%          3
 Swiftness                Air            73%        N/A       1%          3
 Necrotise                Necr           96%        1d8       2%          1
 Sting                    Tmut/Pois      96%        1d7       2%          1
 Fulminant Prism          Conj/Hex       31%        3d16      2%          4
 Call Imp                 Summ           24%        N/A       3%          2
 Ensorcelled Hibernation  Hex/Ice        48%        N/A       3%          2
 Call Canine Familiar     Summ           24%        N/A       7%          3
 Inner Flame              Hex/Fire       24%        N/A       7%          3
 Ozocubu's Armour         Ice            24%        N/A       7%          3
 Tukima's Dance           Hex            24%        N/A       7%          3
 Vampiric Draining        Necr           24%        2d7       7%          3
 Animate Armour           Summ/Erth      94%        N/A       7%          4
 Leda's Liquefaction      Hex/Erth       23%        N/A       7%          4
 Petrify                  Tmut/Erth      47%        N/A       7%          4
 Anguish                  Hex/Necr       12%        N/A       22%         4
 Cause Fear               Hex            12%        N/A       22%         4
 Dispel Undead            Necr           24%        3d12      22%         4
 Olgreb's Toxic Radiance  Pois           24%        N/A       22%         4
 Starburst                Conj/Fire      31%        6d9       32%         6
 Agony                    Necr           24%        N/A       54%         5
 Blade Hands              Tmut           12%        N/A       54%         5
 Metabolic Englaciation   Hex/Ice        12%        N/A       54%         5
 Statue Form              Tmut/Erth      31%        N/A       71%         6
 Death Channel            Necr           12%        N/A       98%         6
 Simulacrum               Ice/Necr       12%        N/A       98%         6
 Lehudib's Crystal Spear  Conj/Erth      37%        10d9      99%         8
 Enfeeble                 Hex            12%        N/A       100%        7
 Borgnjor's Revivificati  Necr           12%        N/A       100%        8
 Discord                  Hex            12%        N/A       100%        8
 Necromutation            Tmut/Necr      12%        N/A       100%        8
 Death's Door             Necr           12%        N/A       100%        9


Dungeon Overview and Level Annotations

Branches:
Dungeon (15/15)            Temple (1/1) D:5            Lair (5/5) D:11
  Swamp (0/4) Lair:3       Spider (0/4) Lair:3        Slime (0/5) Lair:5
    Orc (1/2) D:10         Vaults (0/5) D:13         Bailey (visited)
 Depths: D:15

Altars:
Ashenzari
Cheibriados
Dithmenos
Elyvilon
Fedhas
Gozag
Hepliaklqana
Kikubaaqudgha
Makhleb
Nemelex Xobeh
Okawaru
Qazlal
Ru
Sif Muna
Trog
Uskayaw
Vehumet
Wu Jian
Xom
Yredelemnul
Zin
The Shining One

Shops:
D:8 !   D:10 (

Annotations:
D:4 2 transporters, Gerhazo's ghost, weakling DECj
D:11 2 transporters, What's ghost, novice DsTm


Innate Abilities, Weirdness & Mutations

You are amphibious.
You cover ground slowly.
You can hop long distances.
You have an extended range of vision and can be seen from far away.


Message History

The rakshasa gestures at you.
Your +3 warlock's mirror {omnireflect} reflects the lance of force!
The lance of force hits the rakshasa!
You kill the rakshasa!
The rakshasa shimmers and vanishes!
The rakshasa hits you from afar with a +2 trident of protection!
The rakshasa completely misses you.
You are too injured to fight recklessly!
You are too injured to fight recklessly!
Unknown command.
You are too injured to fight recklessly!
Unknown command.
Casting: Iron Shot (dangerous; 10% risk of failure)
Confirm with . or Enter, or press ? or * to list all spells.
You don't have enough magic to cast this spell.
Unknown command.
Magic courses through your body.
The rakshasa hits you from afar with a +2 trident of protection.
The rakshasa gestures at you. The lance of force hits you!!
* * * LOW HITPOINT WARNING * * *
You are knocked back by the lance of force.
You collide with the rakshasa!
The rakshasa is almost dead.
* * * LOW HITPOINT WARNING * * *
Casting: Iron Shot (dangerous; 10% risk of failure)
Confirm with . or Enter, or press ? or * to list all spells.
You erupt in a blast of force!
The mystic blast hits the rakshasa!!
You kill the rakshasa!
The rakshasa shimmers and vanishes!
Unknown command.
Unknown command.
Unknown command.
Unknown command.
Unknown command.
Activating: Slouch (9% risk of failure)
Press: ? - help, Dir - look around, f - activate You fail to use your ability.
The rakshasa hits you from afar with a +2 trident of protection!
You die...

## #~~~# #.# #.. .# ##~.#
###.#####.. .# #~.####.#.#......
.# ##...)......###.. .##
######.#.#####.. ..# ###
#.#........ .## ##..##
#.#######.. .#
###....##########.### ##. .#
#.....†)R.@.#.......# #† .#
#..#....####...###.#.# #. ##
##..## ###.###.#.######' ## ###
#.#........##.. .##
#.#^#...##.#†.. ..##
#.#..#..##.....
...####...#.#######.#.....##.....
...+○○°t................<..+.....
...####......######.#...####.....


You could see a rakshasa.

Vanquished Creatures
  A quicksilver ooze (shapeshifter) (D:15)
  8 vault guards (D:13)
  A rakshasa (D:15)
  Harold (D:10)
  9 hydras
  Erolcha (D:13)
  3 centaur warriors (D:13)
  Erica (D:10)
  4 boulder beetles
  A catoblepas (D:13)
  5 death yaks
  A two-headed ogre (D:11)
  A merfolk avatar (Lair:5)
  An alligator (Lair:2)
  5 tengu warriors
  A glowing orange brain (D:15)
  A deep elf archer (D:13)
  4 harpies (Lair:5)
  An orc knight (D:15)
  6 manticores
  3 deep elf pyromancers
  6 ugly things (D:15)
  An orc sorcerer (D:15)
  3 cyclopes
  An elephant (Lair:5)
  A molten gargoyle (D:13)
  6 black mambas
  3 gargoyles
  16 cane toads
  2 kobold demonologists (Bailey)
  An unseen horror (D:12)
  3 efreet
  5 rime drakes
  3 tengu conjurers
  11 komodo dragons
  5 polar bears
  A meliai (D:13)
  4 trolls
  A wind drake (Lair:5)
  Prince Ribbit (Lair:3)
  18 blink frogs
  A raiju (shapeshifter) (D:15)
  3 jumping spiders (Lair:3)
  2 snapping turtles (Lair:5)
  9 slime creatures (D:12)
  Sigmund (D:6)
  2 shadows
  A centaur simulacrum (D:14)
  2 culicivoras (Lair:3)
  31 yaks
  A wraith (D:13)
  6 wyverns
  A steam dragon (Lair:3)
  8 basilisks
  A vampire mosquito (D:10)
  Edmund (D:5)
  A warg (Orc:1)
  4 swamp worms (Lair:1)
  4 acid dragons
  13 water moccasins
  7 ice beasts
  14 orc warriors
  3 black bears
  2 sky beasts
  A black bear (shapeshifter) (D:13)
  7 ogres
  21 wolves
  9 centaurs
  Blork the orc (D:5)
  2 kobold brigands
  10 bullfrogs
  2 scorpions
  5 gnoll sergeants
  4 wights
  20 killer bees
  5 electric eels
  7 howler monkeys
  A lava snake (D:13)
  7 hounds
  2 jellies
  9 orc priests
  2 sleepcaps (D:4)
  2 gnoll boudas
  7 iguanas
  Terence (D:2)
  9 orc wizards
  28 gnolls
  9 adders
  3 white imps
  A worm (D:2)
  5 dart slugs
  53 orcs
  7 endoplasms
  3 giant cockroaches
  11 hobgoblins
  3 jackals (D:2)
  21 kobolds
  2 quokkas
  11 ball pythons
  6 bats
  6 frilled lizards
  12 goblins
  4 rats
588 creatures vanquished.

Vanquished Creatures (collateral kills)
  A hydra (Lair:5)
  2 yaks (Lair:3)
  A water moccasin (Lair:5)
4 creatures vanquished.

Vanquished Creatures (others)
  32 fungi
  38 plants
70 creatures vanquished.

Grand Total: 662 creatures vanquished

Notes
Turn   | Place    | Note
-------+----------+-------------------------------------------
     0 | D:1      | Morbidden the Barachi Conjurer began the quest for the Orb.
     0 | D:1      | Reached XP level 1. HP: 13/13 MP: 3/3
   166 | D:1      | Reached XP level 2. HP: 18/19 MP: 0/5
   223 | D:1      | Learned a level 2 spell: Searing Ray
   720 | D:1      | Reached XP level 3. HP: 13/25 MP: 3/6
   824 | D:1      | Reached skill level 1 in Armour
   939 | D:2      | Reached skill level 5 in Conjurations
  1401 | D:2      | Reached skill level 1 in Fighting
  1591 | D:2      | Noticed Terence
  1597 | D:2      | Killed Terence
  1598 | D:2      | Reached XP level 4. HP: 32/32 MP: 2/7
  2232 | D:3      | Reached XP level 5. HP: 37/37 MP: 5/8
  2241 | D:3      | Learned a level 4 spell: Iskenderun's Mystic Blast
  2441 | D:3      | Found an opulent altar of Gozag.
  2441 | D:3      | Found a white marble altar of Elyvilon.
  2449 | D:3      | Found a faded altar of an unknown god.
  2451 | D:3      | Found a hazy altar of Hepliaklqana.
  2453 | D:3      | Found an iron altar of Okawaru.
  2957 | D:4      | Reached skill level 1 in Evocations
  2957 | D:4      | Reached XP level 6. HP: 22/43 MP: 1/10
  2985 | D:4      | Reached skill level 1 in Translocations
  3140 | D:4      | Found a sacrificial altar of Ru.
  3291 | D:4      | Found a transporter.
  3337 | D:4      | Noticed Gerhazo's ghost (weakling DECj)
  3447 | D:4      | Reached skill level 3 in Spellcasting
  3527 | D:4      | Found a transporter.
  3819 | D:5      | Entered Level 5 of the Dungeon
  3930 | D:5      | Reached skill level 1 in Short Blades
  4084 | D:5      | Reached XP level 7. HP: 50/50 MP: 3/12
  4205 | D:5      | Noticed Edmund
  4219 | D:5      | Killed Edmund
  4606 | D:5      | Found a staircase to the Ecumenical Temple.
  4618 | D:5      | Reached skill level 4 in Spellcasting
  4760 | Temple   | Entered the Ecumenical Temple
  4853 | Temple   | Became a worshipper of Cheibriados the Contemplative
  4986 | D:5      | Noticed Blork the orc
  4997 | D:5      | Killed Blork the orc
  4998 | D:5      | Reached XP level 8. HP: 32/57 MP: 2/14
  5200 | D:6      | Noticed Sigmund
  5205 | D:6      | Killed Sigmund
  5327 | D:6      | Found a sparkling altar of Nemelex Xobeh.
  5346 | D:6      | Reached skill level 1 in Invocations
  5640 | D:6      | Reached * piety under Cheibriados
  5641 | D:6      | Reached skill level 5 in Spellcasting
  5816 | D:6      | Found a glowing golden altar of the Shining One.
  5838 | D:6      | Reached XP level 9. HP: 60/64 MP: 6/16
  6110 | D:6      | Found a blossoming altar of Fedhas.
  6410 | D:7      | Reached skill level 5 in Dodging
  6414 | D:6      | Reached ** piety under Cheibriados
  6767 | D:7      | Reached skill level 6 in Spellcasting
  7091 | D:7      | Learned a level 4 spell: Airstrike
  7106 | D:7      | Reached *** piety under Cheibriados
  7198 | D:7      | Reached XP level 10. HP: 71/71 MP: 19/19
  7244 | D:7      | Reached skill level 5 in Armour
  7448 | D:7      | Found a shimmering blue altar of Sif Muna.
  7661 | D:8      | Found a flagged portal.
  7666 | D:8      | Identified the +11 hand axe "Nikoi" {flame, rC+ rN+ Stlth-}
  7669 | Bailey   | Entered a bailey
  7849 | Bailey   | Acquired the +8 rapier "Plog" {freeze, rElec Dex+4}
  7889 | Bailey   | Noticed a kobold demonologist
  7923 | Bailey   | Killed a kobold demonologist
  7924 | Bailey   | Reached skill level 1 in Air Magic
  8231 | Bailey   | Reached **** piety under Cheibriados
  8334 | Bailey   | Found an iron altar of Okawaru.
  8334 | Bailey   | Noticed a kobold demonologist
  8343 | Bailey   | Killed a kobold demonologist
  8344 | Bailey   | Reached skill level 1 in Long Blades
  8350 | Bailey   | Identified the +2 pair of gloves "Rysaam" {rPois Slay+3}
  8550 | D:8      | Found Osee's Distillery.
  8558 | D:8      | Bought a potion of heal wounds for 60 gold pieces
  8558 | D:8      | Bought a potion of might for 48 gold pieces
  8743 | D:8      | Found a bloodstained altar of Trog.
  8744 | D:8      | Found an ornate altar of the Wu Jian Council.
  8952 | D:8      | Learned a level 3 spell: Stone Arrow
  9156 | D:9      | Reached ***** piety under Cheibriados
  9382 | D:9      | Reached skill level 7 in Spellcasting
  9858 | D:9      | Reached skill level 1 in Earth Magic
 10110 | D:9      | Reached XP level 11. HP: 78/78 MP: 17/21
 10317 | D:10     | Entered Level 10 of the Dungeon
 10329 | D:10     | Reached skill level 1 in Shields
 10334 | D:10     | Reached skill level 5 in Fighting
 10524 | D:10     | Noticed Harold
 10531 | D:10     | Killed Harold
 10532 | D:10     | Reached skill level 5 in Translocations
 10532 | D:10     | Reached skill level 5 in Evocations
 10694 | D:10     | Found Xookh's Weapon Shop.
 10769 | D:10     | Found a staircase to the Orcish Mines.
 10785 | D:10     | Noticed Erica
 11056 | D:10     | Killed Erica
 11657 | D:11     | Found a transporter.
 11662 | D:11     | Noticed What's ghost (novice DsTm)
 11663 | D:11     | Found a transporter.
 11663 | D:11     | Noticed a centaur warrior
 11757 | D:11     | Noticed a boulder beetle
 11964 | Orc:1    | Entered Level 1 of the Orcish Mines
 12096 | Orc:1    | Reached ****** piety under Cheibriados
 12097 | Orc:1    | Reached skill level 10 in Conjurations
 12626 | D:11     | Found a staircase to the Lair.
 12749 | D:11     | Killed a boulder beetle
 12912 | D:11     | Noticed a boulder beetle
 12925 | D:11     | Killed a boulder beetle
 12926 | D:11     | Reached XP level 12. HP: 83/88 MP: 16/23
 13035 | D:11     | Noticed a two-headed ogre
 13044 | D:11     | Killed a two-headed ogre
 13203 | D:11     | Reached skill level 8 in Spellcasting
 13451 | Lair:1   | Entered Level 1 of the Lair of Beasts
 13462 | Lair:1   | Reached skill level 1 in Throwing
 14980 | Lair:2   | Noticed an alligator
 15027 | Lair:2   | Killed an alligator
 15324 | Lair:2   | Noticed a six-headed hydra
 15326 | Lair:2   | Identified the +7 shortbow "Isot" {freeze, Int+4}
 15334 | Lair:2   | Killed a six-headed hydra
 15335 | Lair:2   | Gained mutation: You can hop long distances. [Barachi
                  | growth]
 15335 | Lair:2   | Reached XP level 13. HP: 96/96 MP: 10/25
 15443 | Lair:2   | You fall into a shaft and drop 2 floors!
 15556 | Lair:4   | Acquired 939 gold pieces
 15610 | Lair:4   | Found a shimmering altar of Xom.
 15615 | Lair:4   | Reached skill level 9 in Spellcasting
 15926 | Lair:3   | Reached skill level 5 in Air Magic
 16150 | Lair:3   | Reached skill level 5 in Invocations
 16516 | Lair:3   | Noticed Prince Ribbit
 16519 | Lair:3   | Killed Prince Ribbit
 16703 | Lair:3   | Found a hole to the Spider Nest.
 16877 | Lair:3   | Found a staircase to the Swamp.
 17419 | Lair:2   | Identified the +5 quarterstaff of Annoyance {pain, Dex+2}
 17509 | Lair:2   | Reached skill level 10 in Spellcasting
 18533 | Lair:4   | Identified the +2 pair of boots "Ciojyff" {-Tele Rampage
                  | Will+}
 18918 | Lair:4   | Reached XP level 14. HP: 104/104 MP: 28/28
 19424 | Lair:5   | Entered Level 5 of the Lair of Beasts
 19467 | Lair:5   | Reached skill level 5 in Long Blades
 19467 | Lair:5   | Reached skill level 5 in Earth Magic
 20720 | Lair:5   | Reached skill level 11 in Spellcasting
 20996 | Lair:5   | Found a staircase to the Slime Pits.
 22547 | D:12     | Learned a level 6 spell: Iron Shot
 22566 | D:13     | Found a gate to the Vaults.
 22754 | D:13     | Reached skill level 5 in Shields
 23253 | D:13     | Reached XP level 15. HP: 112/112 MP: 30/30
 23314 | D:13     | Noticed Erolcha
 23316 | D:13     | Killed Erolcha
 23477 | D:13     | Acquired the +3 warlock's mirror {omnireflect}
 23477 | D:13     | Found the +3 warlock's mirror {omnireflect}
 25284 | D:15     | Entered Level 15 of the Dungeon
 25345 | D:15     | Reached skill level 12 in Spellcasting
 26686 | D:15     | Identified the ring of Qikhigut {rPois MP+9}
 26829 | D:15     | Slain by a rakshasa

Illustrated notes

Levels and vault maps discovered:
D:1:      scummos_arrival_forest, layout_basic, kennysheep_doodads,
          moated_statue
D:2:      cheibrodos_old_hovel, layout_basic, st_stairs_11, uniq_terence
D:3:      layout_basic, chequers_temple_overflow_minitemple,
          minmay_shallow_snake_nest
D:4:      layout_cave_pools, nicolae_overflow_hidden_temple,
          gammafunk_ghost_stat_death
D:5:      layout_loops_cross, minmay_temple_entry_statues_pillars,
          uniq_blork_the_orc, uniq_edmund
D:6:      layout_cave_pools, kennysheep_mini_moat,
          mainiacjoe_overflow_surrounded_room, mainiacjoe_overflow_tiny_flanked,
          uniq_sigmund
D:7:      layout_rooms, tgw_sif, nrook_loot_triangle, david_defended_altar_orc
D:8:      layout_rooms, gammafunk_temple_overflow_pools, serial_shops, shop,
          enter_bailey_2
D:9:      layout_irregular_city
D:10:     layout_loops_ring, orc_0_dummy, serial_shops,
          nicolae_inconvenience_store, minmay_diced_spiral, uniq_harold,
          uniq_erica
D:11:     layout_cross, hellmonk_lair_entry_icy, gammafunk_ghost_arena,
          nicolae_concentric_dashed_squares_mild, chequers_serial_rivers_large_a
D:12:     layout_long_grid, serial_co_window_serial, co_window_of_opportunity_a,
          co_window_corner_a, co_window_corner_a, co_window_paths_a,
          co_window_paths_b, co_window_cross_3, co_window_corner_b,
          co_window_paths_c, co_window_of_opportunity_b, co_window_broadway_b,
          co_window_4corner_a, glass_columns_a, glass_columns_a,
          glass_columns_a, glass_columns_a
D:13:     kennysheep_bubbly, layout_gridville, erik_vaults_2,
          kennysheep_opposing_triangles, uniq_erolcha
D:14:     layout_loops_ring, nrook_mini_vaults
D:15:     gammafunk_enter_depths_forms, layout_loops_corners,
          chequers_serial_rivers_large_b
Temple:   chequers_temple_sunken
Lair:1:   layout_gridlike, worms_lemuel
Lair:2:   cheibrodos_lair_river_kwai, layout_gridlike,
          nicolae_lair_lakeside_cave
Lair:3:   layout_misc_corridors, minmay_swamp_entry_worms,
          spider_nest_entry_funnel_web, dreamdust_gnoll_shepherd,
          uniq_prince_ribbit2
Lair:4:   layout_cave_pods, basic_altar, grunt_megastairs_2
Lair:5:   gammafunk_lair_ancient_temple, layout_misc_corridors,
          dpeg_slime_entry_enclosed, infiniplex_staircase_pool_2
Orc:1:    layout_diamond_mine, nicolae_orc_lava_room

Skill      XL: |  1  2  3  4  5  6  7  8  9 10 11 12 13 14 15 |
---------------+----------------------------------------------+-----
Armour         | 2 3 4 5 6 7 8 9 |  9.0
Conjurations   | 5 6 7 8 9 10 11 | 11.6
Fighting       | 1 2 3 4 6 7 8 9 |  9.1
Dodging        | 3 4 5 6 7 8 9 |  9.7
Stealth        | 2 3 |  3.7
Evocations     | 1 2 3 4 5 6 7 8 |  8.1
Translocations | 1 2 3 4 5 6 7 8 |  8.4
Spellcasting   | 3 4 5 6 7 8 10 11 12 | 12.3
Short Blades   | 1 2 3 4 |  4.6
Invocations    | 1 2 3 4 5 6 |  6.3
Air Magic      | 2 3 4 6 7 8 |  8.3
Long Blades    | 2 3 4 6 |  6.7
Earth Magic    | 1 3 4 5 |  5.9
Shields        | 2 3 4 5 |  5.4
Throwing       | 1 |  1.6

Action                     |  1- 3 |  4- 6 |  7- 9 | 10-12 | 13-15 || total
---------------------------+-------+-------+-------+-------+-------++-------
  Melee: Dagger            |    22 |    78 |    82 |    12 |    13 ||   207
         Short sword       |     3 |       |       |       |       ||     3
         Punch             |       |       |     2 |     2 |       ||     4
         Rapier            |       |       |       |   155 |   281 ||   436
         Scimitar          |       |       |       |       |     8 ||     8
  Throw: Dart              |       |       |       |    25 |     4 ||    29
   Cast: Magic Dart        |    66 |    75 |   112 |    57 |       ||   310
         Searing Ray       |     2 |    10 |    38 |    13 |       ||    63
         Iskenderun's Myst |       |       |    11 |    33 |    93 ||   137
         Stone Arrow       |       |       |       |   197 |       ||   197
         Airstrike         |       |       |       |    22 |   252 ||   274
         Iron Shot         |       |       |       |       |    28 ||    28
 Invoke: Slouch            |       |       |       |     1 |     2 ||     3
Ability: Hop               |       |       |       |       |     1 ||     1
  Evoke: Wand              |     1 |       |     6 |     1 |       ||     8
         Tin of tremorston |       |       |       |       |     6 ||     6
         Box of beasts     |       |       |       |       |     2 ||     2
    Use: Scroll            |       |       |       |     3 |     2 ||     5
         Potion            |       |       |       |       |     1 ||     1
   Stab: Sleeping          |       |     1 |       |     4 |       ||     5
         Distracted        |       |       |       |     1 |     1 ||     2
 Armour: Robe              |     6 |    24 |    20 |    11 |       ||    61
         Acid dragon scale |       |       |       |    33 |    88 ||   121
         Scale mail        |       |       |       |     1 |       ||     1
  Dodge: Dodged            |    12 |    67 |   136 |   211 |   222 ||   648
  Block: Buckler           |       |       |       |    79 |   250 ||   329
         Reflection        |       |       |       |     4 |    24 ||    28

Table legend: (Time is in decaauts)
 A = Elapsed time spent in this place.
 B = Non-inter-level travel time spent in this place.
 C = Inter-level travel time spent in this place.
 D = Time resting spent in this place.
 E = Time spent auto-exploring this place.
 F = Levels seen in this place.
 G = Mean time per level.
                   A        B        C        D        E       F      G
               +--------+--------+--------+--------+--------+-----+--------+
         Total |  39172 |  37901 |   1271 |   2149 |  30915 |  23 | 1703.1 |
       Dungeon |  24856 |  24298 |    558 |   1229 |  19990 |  15 | 1657.1 |
        Temple |    144 |    113 |     31 |      0 |     93 |   1 |  144.0 |
          Lair |  12291 |  11623 |    668 |    803 |   9455 |   5 | 2458.2 |
  Orcish Mines |    777 |    763 |     14 |      0 |    705 |   1 |  777.0 |
        Bailey |   1103 |   1103 |      0 |    117 |    671 |   1 | 1103.0 |
               +--------+--------+--------+--------+--------+-----+--------+

Top non-repeatable levels by time:
  Lair:2: 3071 daAuts
  Lair:4: 2983 daAuts
    D:12: 2557 daAuts
    D:10: 2527 daAuts
    D:15: 2399 daAuts
    D:13: 2393 daAuts
  Lair:3: 2206 daAuts
  Lair:5: 2110 daAuts
     D:9: 2058 daAuts
  Lair:1: 1919 daAuts
    D:11: 1748 daAuts
    D:14: 1641 daAuts
     D:6: 1584 daAuts
     D:5: 1423 daAuts
     D:7: 1275 daAuts
